 Dungeon Crawl Stone Soup version 0.25.0-26-g0c896c7088 (webtiles) character file.

Game seed: 1463567637851781186

2473 Exodus22XD the Archer (level 9, -4/72 HPs)
             Began as a Centaur Hunter on July 4, 2020.
             Was a Priest of Okawaru.
             Slain by a dream sheep (24 damage)
             ... on level 10 of the Dungeon.
             The game lasted 00:14:00 (8712 turns).

Exodus22XD the Archer (Centaur Hunter)              Turns: 8712, Time: 00:14:00

Health: -4/72      AC:  9    Str: 18    XL:     9   Next: 26%
Magic:  9/11       EV: 13    Int: 10    God:    Okawaru [***...]
Gold:   548        SH:  0    Dex: 10    Spells: 8/8 levels left

rFire    . . .     SeeInvis .   a - +1 shortbow
rCold    . . .     Gourm    .   (shield currently unavailable)
rNeg     . . .     Faith    .   E - +3 leather armour of Asceticism {rElec}
rPois    .         Spirit   .   k - +1 hat
rElec    +         Reflect  .   (no cloak)
rCorr    .         Harm     .   (no gloves)
MR       .....                  (no barding)
Stlth    ++........             (no amulet)
HPRegen  0.22/turn              m - +4 ring of slaying
MPRegen  0.12/turn              (no ring)

@: sleeping, heroism, very quick
A: large, hooves 3, deformed body, speed 2, tough skin 3
a: Heroism, Renounce Religion


You were on level 10 of the Dungeon.
You worshipped Okawaru.
Okawaru was most pleased with you.
You were not hungry.

You visited 1 branch of the dungeon, and saw 9 of its levels.

You collected 548 gold pieces.

Inventory:

Hand Weapons
 a - a +1 shortbow (weapon)
 b - a +0 short sword
 t - a +2 whip of electrocution
Missiles
 d - 84 arrows (quivered)
Armour
 c - a +0 leather armour
 k - a +1 hat (worn)
 r - a +0 ring mail
 E - the +3 leather armour of Asceticism (worn) {rElec}
   (You found it on level 5 of the Dungeon)

   It insulates you from electricity.
Jewellery
 m - a +4 ring of slaying (left hand)
Wands
 F - a wand of clouds (7)
Scrolls
 e - a scroll of blinking {unknown}
 h - 3 scrolls of enchant weapon
 i - 2 scrolls of fog {unknown}
 j - 2 scrolls of enchant armour
 w - 2 scrolls of random uselessness {unknown}
 x - 3 scrolls of amnesia
 y - 5 scrolls of teleportation
 z - 2 scrolls of immolation {unknown}
 B - 3 scrolls of remove curse {unknown}
 C - a scroll of silence {unknown}
Potions
 g - a potion of mutation {unknown}
 l - a potion of brilliance
 n - 2 potions of magic
 o - 3 potions of curing
 p - 3 potions of stabbing
 q - a potion of degeneration {unknown}
 s - 3 potions of lignification {unknown}
 u - 2 potions of flight {unknown}
 v - a potion of berserk rage {unknown}
 A - a potion of resistance {unknown}
 D - 3 potions of heal wounds {unknown}
 G - a potion of cancellation {unknown}
Comestibles
 f - 18 rations
 H - 5 chunks of flesh


   Skills:
 + Level 4.5(9.5) Fighting
 * Level 11.5(16.5) Bows
 * Level 4.9(9.9) Armour
 * Level 3.3(8.3) Dodging
 - Level 0.7(5.7) Stealth
 * Level 3.6 Invocations


You had 8 spell levels left.
You didn't know any spells.
Your spell library contained the following spells:

 Spells                   Type           Power        Failure   Level  Hunger
 Beastly Appendage        Tmut           #.....       41%         1    ##.....
 Magic Dart               Conj           #...         41%         1    ##.....
 Searing Ray              Conj           #.....       54%         2    ###....
 Sticks to Snakes         Tmut           #.......     54%         2    ###....
 Dazzling Flash           Conj/Hex       #.....       78%         3    ####...
 Spider Form              Tmut/Pois      #.........   78%         3    ####...
 Fulminant Prism          Conj/Hex       #.........   99%         4    #####..
 Ice Form                 Ice/Tmut       #.......     99%         4    #####..
 Iskenderun's Mystic Bla  Conj/Tloc      #.......     99%         4    #####..
 Blade Hands              Tmut           #.........   100%        5    ######.


Dungeon Overview and Level Annotations

Branches:
Dungeon (8/15)             Temple (0/1) D:5             Orc (0/2) D:10
   Lair: D:8-11

Altars:
Ashenzari
Dithmenos
Hepliaklqana
Nemelex Xobeh
Okawaru
Ru
Trog
Vehumet
Zin

Shops:
D:10 (


Innate Abilities, Weirdness & Mutations

You have hooves in place of feet.
Armour fits poorly on your strangely shaped body.
You cover ground very quickly.
You have extremely tough skin. (AC +3)


Message History

The dream sheep bites you!!
You wake up.
You hit the dream sheep but do no damage.
The dream sheep is lightly wounded.
The dream sheep bites you.
* * * LOW HITPOINT WARNING * * *
You whack the dream sheep!
The dream sheep is heavily wounded.
The dream sheep bites you.
* * * LOW HITPOINT WARNING * * *
The dream sheep barely misses you.
Your +2 whip of electrocution stops crackling.
a - a +1 shortbow (weapon)
You gain the combat prowess of a mighty hero.
The dream sheep closely misses you.
The dream sheep shake their wool and sparkle.
You feel drowsy...
You fall asleep.
The dream sheep closely misses you. The dream sheep barely misses you.
The dream sheep bites you!!
You die...

#.....P≈.#
#..PYY≈≈P#
#.%.Y%P≈≈#
#...YK.≈P#
#.≈.≈.≈PP#
####.#####
#.Y# ..#
#.#########Y##
..#
#......@YKYY#
...
######.######
#.# #.# #.#
#.# #.# #.#
#.# #.# #.####
#.# .(.<.# #.#
####.# #.#


You could see 2 yaks, a big kobold and 2 dream sheep.

Vanquished Creatures
  3 orc warriors
  A black bear (D:3)
  A necrophage (D:10)
  An eye of draining (D:10)
  5 ogres
  2 phantoms
  2 centaurs
  A big kobold (D:10)
  A bullfrog (D:6)
  A scorpion (D:7)
  5 killer bees (D:7)
  A howler monkey (D:5)
  2 crimson imps
  A centaur zombie (D:5)
  4 orc wizards
  An orc priest (D:3)
  4 hounds
  6 worker ants
  A hound zombie (D:7)
  A worker ant zombie (D:5)
  4 gnolls (D:3)
  6 adders
  3 oozes
  2 adder skeletons
  2 worms
  8 leopard geckos
  22 orcs
  5 giant cockroaches
  2 goblins
  8 hobgoblins
  5 jackals
  3 kobolds (D:1)
  5 quokkas
  3 ball pythons
  4 bats
  5 frilled lizards
  A jackal skeleton (D:7)
  A leopard gecko zombie (D:7)
  4 rats
137 creatures vanquished.

Vanquished Creatures (collateral kills)
  A killer bee (D:7)
1 creature vanquished.

Vanquished Creatures (others)
  A fungus (D:1)
  9 toadstools (D:1)
10 creatures vanquished.

Grand Total: 148 creatures vanquished

Notes
Turn   | Place    | Note
-------+----------+-------------------------------------------
     0 | D:1      | Exodus22XD the Centaur Hunter began the quest for the Orb.
     0 | D:1      | Reached XP level 1. HP: 17/17 MP: 1/1
   301 | D:1      | Reached XP level 2. HP: 24/24 MP: 2/2
   439 | D:1      | Reached skill level 6 in Bows
  1071 | D:1      | Reached XP level 3. HP: 18/29 MP: 3/3
  1705 | D:2      | You fall into a shaft and drop 2 floors!
  1913 | D:4      | Reached skill level 1 in Armour
  2054 | D:4      | Reached XP level 4. HP: 26/37 MP: 4/4
  2171 | D:4      | Noticed an ogre
  2206 | D:4      | Killed an ogre
  2206 | D:4      | Reached XP level 5. HP: 20/42 MP: 5/5
  2392 | D:3      | Reached skill level 7 in Bows
  2444 | D:3      | Found an iron altar of Okawaru.
  2449 | D:3      | Became a worshipper of Warmaster Okawaru
  2463 | D:3      | HP: 1/44 [orc/+0 mace (4)]
  2487 | D:3      | HP: 1/44 [orc (3)]
  2829 | D:3      | Noticed a black bear
  2871 | D:3      | Killed a black bear
  2871 | D:3      | Reached XP level 6. HP: 33/51 MP: 6/6
  3544 | D:3      | Reached skill level 8 in Bows
  3754 | D:3      | Found a bloodstained altar of Trog.
  4242 | D:4      | Found a shadowy altar of Dithmenos.
  4316 | D:4      | Found a sparkling altar of Nemelex Xobeh.
  4316 | D:4      | Found a radiant altar of Vehumet.
  4319 | D:4      | Found a sacrificial altar of Ru.
  4319 | D:4      | Found a hazy altar of Hepliaklqana.
  4320 | D:4      | Found a glowing silver altar of Zin.
  4321 | D:4      | Found a shattered altar of Ashenzari.
  4738 | D:5      | Entered Level 5 of the Dungeon
  4750 | D:5      | Reached XP level 7. HP: 57/57 MP: 7/7
  4764 | D:5      | Reached * piety under Okawaru
  4768 | D:5      | Reached skill level 1 in Invocations
  5234 | D:5      | Found a staircase to the Ecumenical Temple.
  5264 | D:5      | Reached XP level 8. HP: 43/63 MP: 9/9
  5478 | D:5      | Got an ichor-stained leather armour
  5489 | D:5      | Identified the +3 leather armour of Asceticism {rElec} (You
                  | found it on level 5 of the Dungeon)
  5894 | D:6      | Reached skill level 9 in Bows
  6154 | D:6      | Reached ** piety under Okawaru
  7150 | D:7      | Reached skill level 10 in Bows
  7458 | D:7      | Reached *** piety under Okawaru
  8206 | D:8      | You fall into a shaft and drop 2 floors!
  8206 | D:10     | Entered Level 10 of the Dungeon
  8206 | D:10     | Found a staircase to the Orcish Mines.
  8206 | D:10     | Found Foaricol's Weapon Shop.
  8236 | D:10     | Reached XP level 9. HP: 29/72 MP: 9/11
  8342 | D:10     | Reached skill level 11 in Bows
  8712 | D:10     | Slain by a dream sheep

Illustrated notes

Levels and vault maps discovered:
D:1:      ldierk_walled_garden, layout_rooms, dk_noncrumbling_3,
          grunt_decor_mini_mirrors, minmay_gold_behind_fungi, minmay_distorted
D:2:      layout_loops_ring, kennysheep_pointless_box, grunt_dithmenos_smoke
D:3:      layout_rooms, amethyst_overflow_temple_binary
D:4:      layout_rooms, grunt_temple_overflow_open, overflow_temple_1_default,
          serial_corexii_hall, corexii_hall_statues_x, corexii_hall_statues_x,
          corexii_hall_statues_i, corexii_hall_statues_u
D:5:      layout_cave_pools, minmay_temple_entry_drinking_statues, first_ration
D:6:      layout_loops_corners
D:7:      layout_basic
D:8:      layout_basic, serial_shops, shop_fountains, uniq_gastronok,
          uniq_maggie
D:10:     layout_loops_ring, orc_david_3, hangedman_ranch
          [blue_anna_fruit_fields]

Skill      XL: |  1  2  3  4  5  6  7  8  9 |
---------------+----------------------------+-----
Bows           | 6 7 8 10 11 | 11.5
Armour         | 1 2 3 4 |  4.9
Fighting       | 3 4 |  4.5
Dodging        | 2 3 |  3.3
Invocations    | 1 3 |  3.6
Stealth        | |  0.7

Action                   |  1- 3 |  4- 6 |  7- 9 || total
-------------------------+-------+-------+-------++-------
Melee: Short sword       |   146 |    72 |       ||   218
       Kick              |    24 |    26 |    33 ||    83
       Whip              |       |    48 |   137 ||   185
 Fire: Shortbow          |     1 |    45 |    71 ||   117
Invok: Heroism           |       |       |     2 ||     2
Evoke: Wand              |       |       |     1 ||     1
  Use: Potion            |       |     3 |       ||     3
       Scroll            |       |       |     8 ||     8
  Eat: Chunk             |     3 |     4 |     7 ||    14
       Ration            |       |     1 |     1 ||     2
Armor: Leather armour    |    53 |       |    49 ||   102
       Ring mail         |     6 |    73 |    10 ||    89
Dodge: Dodged            |    66 |    64 |    69 ||   199
